 Dungeon Crawl Stone Soup version 0.31.0-32-g396128a36d (webtiles) character file.

Game seed: 6577097558579216505

837 HospitalGownGirl the Sneak (level 7, 0/51 HPs)
             Began as a Human Enchanter on Mar 11, 2024.
             Was a Believer of Cheibriados.
             Slain by an ice beast (9 damage)
             ... on level 5 of the Dungeon on Mar 12, 2024.
             The game lasted 00:18:16 (4776 turns).

HospitalGownGirl the Sneak (Human Enchanter)        Turns: 4776, Time: 00:18:17

Health: 0/51       AC:  2    Str: 12    XL:     7   Next: 99%
Magic:  4/12       EV: 12    Int: 21    God:    Cheibriados [**....]
Gold:   280        SH:  0    Dex: 18    Spells: 1/13 levels left

rFire   . . .        l - +2 short sword (venom)
rCold   . . .        (no shield)
rNeg    . . .        g - +3 leather armour
rPois   .            (no helmet)
rElec   .            (no cloak)
rCorr   .            (no gloves)
SInv    +            (no boots)
Will    .....        (no amulet)
Stlth   +++          d - ring of wizardry
HPRegen 0.28/turn    f - ring of see invisible
MPRegen 0.13/turn

%: wizardry (x1)
@: corroded, very slightly contaminated, very slow
A: explore regen
a: Renounce Religion, Bend Time


You were on level 5 of the Dungeon.
You worshipped Cheibriados.
Cheibriados was pleased with you.
You visited 1 branch of the dungeon, and saw 5 of its levels.

You collected 280 gold pieces.

Inventory:

Hand Weapons
 a - a +1 dagger
 l - a +2 short sword of venom (weapon)
Armour
 b - a +1 robe
 g - a +3 leather armour (worn)
Jewellery
 d - a ring of wizardry (left hand)
 f - a ring of see invisible (right hand)
Scrolls
 e - 2 scrolls of teleportation
Potions
 c - a potion of curing
 h - a potion of might {unknown}
 i - a potion of cancellation {unknown}
 j - a potion of berserk rage
 m - a potion of attraction {unknown}
 n - a potion of haste {unknown}
 o - a potion of lignification {unknown}


   Skills:
 * Level 2.4 Fighting
 * Level 3.5 Short Blades
 * Level 2.0 Armour
 * Level 2.9 Dodging
 * Level 4.7 Stealth
 * Level 3.7 Spellcasting
 * Level 3.9 Hexes
 + Level 0.8 Necromancy
 * Level 3.0 Ice Magic
 + Level 0.1 Alchemy


You had one spell level left.
You knew the following spells:

 Your Spells              Type           Power      Damage    Failure   Level
a - Ensorcelled Hibernat  Hex/Ice        36%        N/A       2%          2
b - Tukima's Dance        Hex            20%        N/A       4%          3
c - Vampiric Draining     Necr           7%         2d6       14%         3
d - Olgreb's Toxic Radia  Alch           4%         N/A       50%         4

Your spell library contained the following spells:

 Spells                   Type           Power      Damage    Failure   Level
 Slow                     Hex            80%        N/A       1%          1
 Foxfire                  Conj/Fire      12%        2x1d4     6%          1
 Sting                    Conj/Alch      16%        1d4       6%          1
 Confusing Touch          Hex            20%        N/A       4%          3
 Sigil of Binding         Hex            20%        N/A       4%          3
 Dazzling Flash           Conj/Hex       24%        N/A       9%          3
 Inner Flame              Hex/Fire       12%        N/A       9%          3
 Mercury Vapours          Alch/Air       8%         N/A       10%         2
 Flame Wave               Conj/Fire      3%         2d5       50%         4
 Sticky Flame             Fire/Alch      4%         2d4       50%         4
 Plasma Beam              Fire/Air       1%         2x1d11    100%        6
 Starburst                Conj/Fire      1%         6d3       100%        6


Dungeon Overview and Level Annotations

Branches:
Dungeon (5/15)             Temple (0/1) D:4

Altars:
Cheibriados
Dithmenos
Elyvilon
Yredelemnul
The Shining One

Annotations:
D:5 1 transporter


Innate Abilities, Weirdness & Mutations

You regain HP and MP as you explore.


Message History

The acid dragon roars!
There is a transporter here.
You enter the transporter and appear at another place.
The acid dragon spits acid at you. The splash of acid hits you.
The acid corrodes you!
Unknown command.
Casting: Vampiric Draining (dangerous; 14% risk of failure)
Confirm with . or Enter, or press ? or * to list all spells.
You miscast Olgreb's Toxic Radiance.
You are very lightly contaminated with residual magic.
There is a flash of cinnabar.
You are poisoned.
You feel very sick. The howler monkey barely misses you.
The acid dragon bites you. The acid dragon claws you.
Unknown command.
Casting: Olgreb's Toxic Radiance (quite dangerous; 50% risk of failure)
Confirm with . or Enter, or press ? or * to list all spells.
You begin to radiate toxic energy.
The howler monkey is poisoned.
The howler monkey looks even sicker.
You feel very sick. The howler monkey hits you. The ice beast hits you.
The ice beast freezes you!
* * * LOW HITPOINT WARNING * * *
The acid dragon closely misses you. x3; The acid dragon claws you.
* * * LOW HITPOINT WARNING * * *
You feel much better.
The howler monkey looks even sicker.
Your toxic aura wanes.
You feel very sick. The howler monkey hits you.
The ice beast closely misses you. The acid dragon misses you.
The acid dragon claws you. The acid dragon bites you.
* * * LOW HITPOINT WARNING * * *
The acid dragon claws you.
* * * LOW HITPOINT WARNING * * *
Unknown command.
You feel better. The howler monkey hits you!
* * * LOW HITPOINT WARNING * * *
The ice beast hits you.
* * * LOW HITPOINT WARNING * * *
The ice beast freezes you!
You die...

##.....©............)###
#..#########..........##
#.##8$_:_$8##........###
#.#..)$$!?..#......#..##
#.#.#....|#.#...#..##...
#.#..#...#..#...#.......
#.#©........#......#....
#.#..#...#..#.....##....
#.#.#..@Y.#.#...........
#.#...DhD...#...........
#.##8.....8##........##.
#..#########.........##.
##.....©.............#..
#####..........##......
##..#.....###......
##.......# #......
####..##.)###......


You could see 2 acid dragons, an ice beast and a howler monkey (very poisoned).

Vanquished Creatures
  An ice beast (D:4)
  2 scorpions (D:5)
  2 hounds (D:5)
  2 jellies
  An orc priest (D:5)
  A sleepcap (D:5)
  6 iguanas (D:5)
  2 orc wizards
  7 adders
  A gnoll (D:1)
  2 dart slugs
  A ribbon worm (D:4)
  8 orcs
  9 endoplasms
  A giant cockroach (D:1)
  10 hobgoblins
  5 jackals (D:2)
  4 quokkas
  8 ball pythons
  7 bats
  2 frilled lizards (D:2)
  4 goblins
  2 kobolds
  7 rats
95 creatures vanquished.

Vanquished Creatures (collateral kills)
  A centaur (D:5)
1 creature vanquished.

Grand Total: 96 creatures vanquished

Notes
Turn   | Place    | Note
-------+----------+-------------------------------------------
     0 | D:1      | HospitalGownGirl the Human Enchanter began the quest for
                  | the Orb.
     0 | D:1      | Reached XP level 1. HP: 13/13 MP: 3/3
   133 | D:1      | Reached XP level 2. HP: 19/19 MP: 5/5
   137 | D:1      | Learned a level 2 spell: Ensorcelled Hibernation
   378 | D:1      | Reached XP level 3. HP: 10/24 MP: 2/6
   382 | D:1      | Learned a level 3 spell: Tukima's Dance
   980 | D:2      | Reached XP level 4. HP: 21/31 MP: 0/7
  1166 | D:2      | Found a snail-covered altar of Cheibriados.
  1228 | D:2      | Became a worshipper of Cheibriados the Contemplative
  1695 | D:3      | Reached skill level 1 in Fighting
  1714 | D:3      | Reached skill level 1 in Armour
  1733 | D:3      | Found a faded altar of an unknown god.
  1738 | D:3      | Found a basalt altar of Yredelemnul.
  1778 | D:3      | Learned a level 3 spell: Vampiric Draining
  2042 | D:3      | Reached XP level 5. HP: 37/37 MP: 8/8
  2459 | D:4      | Reached * piety under Cheibriados
  2489 | D:4      | Reached skill level 4 in Stealth
  2489 | D:4      | Reached skill level 1 in Ice Magic
  2653 | D:4      | Noticed an ice beast
  2683 | D:4      | Killed an ice beast
  2684 | D:4      | Reached XP level 6. HP: 25/43 MP: 1/10
  3476 | D:4      | Found a staircase to the Ecumenical Temple.
  3526 | D:5      | Entered Level 5 of the Dungeon
  3600 | D:5      | Reached XP level 7. HP: 39/49 MP: 1/11
  3617 | D:5      | Learned a level 4 spell: Olgreb's Toxic Radiance
  3870 | D:5      | Found a shadowy altar of Dithmenos.
  3987 | D:5      | Reached ** piety under Cheibriados
  4004 | D:5      | Found a transporter.
  4017 | D:5      | Found a transporter.
  4031 | D:5      | Found a glowing golden altar of the Shining One.
  4032 | D:5      | Found a white marble altar of Elyvilon.
  4776 | D:5      | Slain by an ice beast

Illustrated notes

Levels and vault maps discovered:
D:1:      scummos_arrival_hexagon, layout_basic
D:2:      layout_rooms, basic_altar, kennysheep_generic_room_15
D:3:      layout_basic, nicolae_overflow_ecumenical_swirl, nrook_loot_triangle,
          chequers_serial_rivers_room_b
D:4:      layout_basic, minmay_temple_entry_enclosed_plants
D:5:      layout_cave_pools, gammafunk_temple_overflow_arena,
          general_overflow_altar, minmay_tree_intersection,
          amcnicky_mini_pool_medium

Skill      XL: |  1  2  3  4  5  6  7 |
---------------+----------------------+-----
Fighting       | 1 2 |  2.4
Armour         | 1 2 |  2.0
Short Blades   | 2 3 |  3.5
Stealth        | 4 |  4.7
Ice Magic      | 1 3 |  3.0
Spellcasting   | 3 |  3.7
Dodging        | |  2.9
Hexes          | |  3.9
Necromancy     | |  0.8
Alchemy        | |  0.1

Action                     |  1- 3 |  4- 6 |  7- 9 || total
---------------------------+-------+-------+-------++-------
  Melee: Dagger            |   108 |    78 |       ||   186
         Short sword       |       |    54 |    29 ||    83
         Punch             |       |     1 |     1 ||     2
   Cast: Ensorcelled Hiber |     8 |    15 |     7 ||    30
         Tukima's Dance    |       |     2 |     3 ||     5
         Vampiric Draining |       |     6 |    14 ||    20
         Olgreb's Toxic Ra |       |       |     2 ||     2
    Use: Potion            |     2 |     4 |     2 ||     8
         Scroll            |     1 |     9 |     1 ||    11
   Stab: Sleeping          |     9 |    13 |     2 ||    24
         Invisible         |     1 |     2 |       ||     3
         Distracted        |       |     1 |     1 ||     2
 Armour: Robe              |    55 |    68 |    32 ||   155
         Leather armour    |       |       |    20 ||    20
  Dodge: Dodged            |    74 |    81 |    54 ||   209
